 Dungeon Crawl Stone Soup version 0.21.1-1-g345015f (webtiles) character file.

429 Wendigo the Cudgeler (level 6, -2/44 HPs)
             Began as a Demonspawn Gladiator on July 14, 2018.
             Slain by wojtek's ghost (8 damage)
             ... on level 4 of the Dungeon.
             The game lasted 00:09:13 (4818 turns).

Wendigo the Cudgeler (Demonspawn Gladiator)         Turns: 4818, Time: 00:09:13

Health: -2/44      AC:  7    Str: 14    XL:     6   Next: 66%
Magic:  6/6        EV: 12    Int: 12    God:
Gold:   133        SH:  0    Dex: 14    Spells: 5/5 levels left

rFire    . . .     SeeInvis .   h - +4 mace (drain)
rCold    + . .     Gourm    .   (no shield)
rNeg     . . .     Faith    .   b - +0 leather armour
rPois    .         Spirit   .   c - +0 helmet
rElec    .         Reflect  .   (no cloak)
rCorr    .         Harm     .   (no gloves)
MR       .....                  (no boots)
Stlth    +.........             (no amulet)
HPRegen  0.14/turn              (no ring)
MPRegen  0.10/turn              (no ring)

@: no status effects
A: claws 1, slimy green scales 2, cold resistance 1, freezing cloud immunity
a: no special abilities


You were on level 4 of the Dungeon.
You were near starving.

You visited 1 branch of the dungeon, and saw 5 of its levels.

You collected 133 gold pieces.

Inventory:

Hand Weapons
 a - a +0 flail
 h - a +4 mace of draining (weapon)
Missiles
 d - 3 throwing nets (quivered)
Armour
 b - a +0 leather armour (worn)
 c - a +0 helmet (worn)
Jewellery
 m - an uncursed ring of wizardry {unknown}
Scrolls
 e - 5 scrolls of blinking
 k - a scroll of magic mapping
 n - 2 scrolls of teleportation
Comestibles
 f - 6 rations


   Skills:
 - Level 2.0 Fighting
 + Level 7.0 Maces & Flails
 - Level 1.7 Throwing
 - Level 2.6 Dodging


You had 5 spell levels left.
You didn't know any spells.

Dungeon Overview and Level Annotations

Branches:
Dungeon (5/15)
 Temple: D:4-7

Altars:

Annotations:
D:1 exclusion: downstairs
D:3 exclusion: downstairs
D:4 exclusions: downstairs and 2 more exclusions, wojtek's ghost, novice MiFi


Innate Abilities, Weirdness & Mutations

You have sharp fingernails.
You are mostly covered in slimy green scales. (AC +3)
Your flesh is cold resistant. (rC+)
You are immune to freezing clouds.


Message History

You bump into the rock wall.
You feel less invigorated.
You feel less confused. Wojtek's ghost closely misses you.
You thump wojtek's ghost!
Wojtek's ghost is almost destroyed.
Wojtek's ghost hits you.
You hit wojtek's ghost but do no damage.
Wojtek's ghost is almost destroyed.
Wojtek's ghost hits you!
You barely miss wojtek's ghost.
Wojtek's ghost is almost destroyed.
Wojtek's ghost hits you.
* * * LOW HITPOINT WARNING * * *
It was a potion of cancellation.
You feel magically purged. Wojtek's ghost hits you!
* * * LOW HITPOINT WARNING * * *
You hit wojtek's ghost but do no damage.
Wojtek's ghost is almost destroyed.
Wojtek's ghost hits you!
You die...

#........# ########
##........# .......#
#......... .......#
#........#####... ........
#................ ........
#........#################
#.:.......................
#.##.#.###################
.. #..W@............# ##
#..#####..o......# ......
#.........#### ####....
#............. #....#
#.........###. #....#
#.........# #. #....#
#.........# #. .....#
#......W..# #.
###...#.<.###.


You could see wojtek's ghost and an orc (wandering).

Vanquished Creatures
  A sky beast (D:4)
  A hound (D:4)
  An orc priest (D:5)
  2 orc wizards
  A worker ant (D:4)
  A howler monkey skeleton (D:4)
  7 adders
  2 worms
  5 dart slugs
  20 orcs
  13 bats
  2 giant cockroaches
  4 hobgoblins
  2 jackals (D:1)
  7 kobolds
  A ball python (D:3)
  8 frilled lizards
  6 goblins
  A leopard gecko skeleton (D:4)
  18 rats
103 creatures vanquished.

Notes
Turn   | Place    | Note
-------+----------+-------------------------------------------
     0 | D:1      | Wendigo the Demonspawn Gladiator began the quest for the Orb.
     0 | D:1      | Reached XP level 1. HP: 16/16 MP: 1/1
   175 | D:1      | Reached skill level 3 in Maces & Flails
   202 | D:1      | Gained mutation: You are partially covered in slimy green scales. (AC +2) [demonic ancestry]
   202 | D:1      | Reached XP level 2. HP: 22/22 MP: 2/2
   804 | D:1      | Gained mutation: You have sharp fingernails. [demonic ancestry]
   804 | D:1      | Reached XP level 3. HP: 25/27 MP: 3/3
  1046 | D:1      | Reached skill level 4 in Maces & Flails
  2267 | D:2      | Gained mutation: You are mostly covered in slimy green scales. (AC +3) [demonic ancestry]
  2267 | D:2      | Reached XP level 4. HP: 33/33 MP: 4/4
  2985 | D:3      | Reached skill level 5 in Maces & Flails
  3320 | D:3      | Gained mutation: Your flesh is cold resistant. (rC+) [demonic ancestry]
  3320 | D:3      | Reached XP level 5. HP: 37/38 MP: 5/5
  3606 | D:4      | Noticed a sky beast
  3617 | D:4      | Killed a sky beast
  3617 | D:4      | Reached skill level 6 in Maces & Flails
  3617 | D:4      | Gained mutation: You are immune to freezing clouds. [demonic ancestry]
  3617 | D:4      | Reached XP level 6. HP: 27/44 MP: 6/6
  3946 | D:4      | Noticed a slave
  4121 | D:4      | Noticed wojtek's ghost (novice MiFi)
  4426 | D:5      | Entered Level 5 of the Dungeon
  4461 | D:4      | Reached skill level 7 in Maces & Flails
  4818 | D:4      | Slain by wojtek's ghost

Skill      XL: |  1  2  3  4  5  6 |
---------------+-------------------+-----
Maces & Flails | 3 4 5 6 7 |  7.0
Fighting       | |  2.0
Throwing       | |  1.7
Dodging        | |  2.6

Action                   |  1- 3 |  4- 6 || total
-------------------------+-------+-------++-------
Melee: Flail             |   144 |       ||   144
       Mace              |    10 |   152 ||   162
  Use: Scroll            |     5 |     2 ||     7
       Potion            |     1 |     3 ||     4
 Stab: Sleeping          |     3 |     1 ||     4
  Eat: Chunk             |     4 |     7 ||    11
Armor: Leather armour    |    53 |    52 ||   105
Dodge: Dodged            |    86 |    81 ||   167
